 Dungeon Crawl Stone Soup version 0.25.0-9-g26727b657a (webtiles) character file.

Game seed: 15983791075668746823

106 Krehm the Changer (level 4, -3/32 HPs)
             Began as a Merfolk Transmuter on June 19, 2020.
             Slain by an orc
             ... wielding a +0 flail
              (8 damage)
             ... on level 4 of the Dungeon.
             The game lasted 00:20:40 (4881 turns).

Krehm the Changer (Merfolk Transmuter)              Turns: 4881, Time: 00:20:42

Health: -3/32      AC:  3    Str: 10    XL:     4   Next: 84%
Magic:  2/8        EV: 13    Int: 13    God:
Gold:   129        SH:  0    Dex: 14    Spells: 3/9 levels left

rFire    . . .     SeeInvis .   k - +0 dagger
rCold    . . .     Gourm    .   (no shield)
rNeg     . . .     Faith    .   j - +0 leather armour
rPois    .         Spirit   .   (no helmet)
rElec    .         Reflect  .   (no cloak)
rCorr    .         Harm     .   (no gloves)
MR       .....     Rnd*Tele +   (no boots)
Stlth    +.........             (no amulet)
HPRegen  0.10/turn              l - ring of teleportation (curse)
MPRegen  0.11/turn              (no ring)

@: appendage
A: change form in water, swift swim, stealthy swim, horns 2
a: End Transformation


You were on level 4 of the Dungeon.
You were not hungry.
You had grown temporary horns.
You visited 1 branch of the dungeon, and saw 4 of its levels.

You collected 129 gold pieces.

Inventory:

Hand Weapons
 k - a +0 dagger (weapon)
Missiles
 a - 68 arrows
 f - 50 poisoned darts (quivered)
 s - 2 javelins
Armour
 h - a +2 helmet
 j - a +0 leather armour (worn)
Jewellery
 l - a cursed ring of teleportation (left hand)
Wands
 m - a wand of digging (4)
Scrolls
 g - a scroll of identify
 p - 2 scrolls of fog
 q - a scroll of teleportation
Potions
 b - a potion of mutation
 c - a potion of brilliance
 e - a potion of resistance {unknown}
 i - a potion of lignification
 n - a potion of ambrosia {unknown}
 r - a potion of berserk rage {unknown}
Comestibles
 d - 6 rations
 o - a chunk of flesh


   Skills:
 - Level 1.1 Fighting
 - Level 4.0 Dodging
 - Level 3.2 Unarmed Combat
 + Level 3.0 Spellcasting
 + Level 4.2 Transmutations
 + Level 1.1 Poison Magic


You had 3 spell levels left.
You knew the following spells:

 Your Spells              Type           Power        Failure   Level  Hunger
a - Beastly Appendage     Tmut           ##....       5%          1    #......
b - Sticks to Snakes      Tmut           ##......     9%          2    ###....
c - Spider Form           Tmut/Pois      #.........   30%         3    ###....

Your spell library contained the following spells:

 Spells                   Type           Power        Failure   Level  Hunger
 Ice Form                 Ice/Tmut       #.......     78%         4    #####..
 Blade Hands              Tmut           ##........   83%         5    ######.


Dungeon Overview and Level Annotations

Branches:
Dungeon (4/15)
 Temple: D:4-7

Altars:
Ru


Innate Abilities, Weirdness & Mutations

You revert to your normal form in water.
You are very nimble and swift while swimming.
You are very stealthy in the water. (Stealth+)
You have a pair of horns on your head.


Message History

Your ball python bites the orc priest.
Your ball python constricts the orc priest.
The orc hits you with a +0 short sword.
* * * LOW HITPOINT WARNING * * *
You hit the orc priest.
The orc priest is almost dead.
Your ball python bites the orc priest.
Your ball python constricts the orc priest.
The orc hits you but does no damage.
The orc priest closely misses your ball python.
The orc hits you with a +0 short sword.
* * * LOW HITPOINT WARNING * * *
You hit the orc priest.
You kill the orc priest!
Your Spellcasting skill increases to level 3!
Your Poison Magic skill increases to level 1!
Your ball python bites the orc.
Your ball python grabs the orc.
Your ball python constricts the orc.
The orc hits you but does no damage. The orc hits you with a +0 flail!
You die...

.. #.# ##..##
♣# .....#♣.####
####.......o.
.......o...##..
#.......o.....
#.###..###
#......o@#
#.....S)o##
#....≈≈.≈≈####
.....#≈#'#≈...#
.....#≈#_#≈...#
......≈#'#≈...#
.#....≈≈.≈≈...#
...##.#.......#
#..#....##....#


You could see 2 orcs and a friendly ball python.

Vanquished Creatures
  An orc priest (D:4)
  4 adders
  3 worms
  A dart slug (D:1)
  An orc (D:3)
  A giant cockroach (D:1)
  A goblin (D:1)
  5 hobgoblins
  5 kobolds
  4 quokkas
  7 bats
  2 frilled lizards
  A leopard gecko skeleton (D:4)
  9 rats
45 creatures vanquished.

Vanquished Creatures (collateral kills)
  A worm (D:2)
  A rat (D:3)
2 creatures vanquished.

Grand Total: 47 creatures vanquished

Notes
Turn   | Place    | Note
-------+----------+-------------------------------------------
     0 | D:1      | Krehm the Merfolk Transmuter began the quest for the Orb.
     0 | D:1      | Reached XP level 1. HP: 15/15 MP: 3/3
   415 | D:1      | Reached XP level 2. HP: 21/21 MP: 3/5
   419 | D:1      | Learned a level 2 spell: Sticks to Snakes
  1379 | D:2      | Reached XP level 3. HP: 9/26 MP: 0/6
  3110 | D:2      | Learned a level 3 spell: Spider Form
  3470 | D:3      | Reached XP level 4. HP: 19/32 MP: 6/8
  4847 | D:4      | Found a sacrificial altar of Ru.
  4881 | D:4      | Reached skill level 1 in Poison Magic
  4881 | D:4      | Slain by an orc

Illustrated notes

Levels and vault maps discovered:
D:1:      lemuel_arrival_behind_the_door_large, layout_loops_corners,
          minmay_misc_feat_columns, kennysheep_boxes
D:2:      layout_loops_cross
D:3:      layout_loops_ring, first_ration
D:4:      kennysheep_kobold_camp, layout_basic, kennysheep_mini_moat,
          serial_shops, shop_scrolls, tso_metal_star, uniq_menkaure,
          uniq_crazy_yiuf_cottage

Skill      XL: |  1  2  3  4 |
---------------+-------------+-----
Dodging        | 3 4 |  4.0
Transmutations | 3 4 |  4.2
Spellcasting   | 3 |  3.0
Poison Magic   | 1 |  1.1
Fighting       | |  1.1
Unarmed Combat | |  3.2

Action                   |  1- 3 |  4- 6 || total
-------------------------+-------+-------++-------
Melee: Short sword       |    31 |       ||    31
       Headbutt          |    17 |     5 ||    22
       Punch             |     1 |     4 ||     5
       Unarmed           |     1 |       ||     1
       Dagger            |   112 |    50 ||   162
Throw: Dart              |     6 |     7 ||    13
 Cast: Beastly Appendage |    21 |    10 ||    31
       Sticks to Snakes  |     5 |     8 ||    13
  Use: Potion            |     1 |       ||     1
       Scroll            |     5 |       ||     5
 Stab: Sleeping          |     2 |       ||     2
  Eat: Chunk             |     5 |     5 ||    10
       Ration            |     1 |       ||     1
Armor: Robe              |    33 |       ||    33
       Skin              |     4 |       ||     4
       Leather armour    |       |    10 ||    10
Dodge: Dodged            |   145 |    28 ||   173
